 Dungeon Crawl Stone Soup version 0.27.0-1-g7a089689b8 (webtiles) character file.

Game seed: 16711847108592888171

12 hawla the Grave Robber (level 2, -2/16 HPs)
             Began as a Deep Elf Necromancer on Aug 13, 2021.
             Killed from afar by a dart slug (5 damage)
             ... with a slug dart
             ... on level 1 of the Dungeon.
             The game lasted 00:02:51 (201 turns).

hawla the Grave Robber (Deep Elf Necromancer)        Turns: 201, Time: 00:02:51

Health: -2/16      AC:  2    Str:  5    XL:     2   Next: 20%
Magic:  4/8        EV: 12    Int: 19    God:
Gold:   0          SH:  0    Dex: 15    Spells: 6/7 levels left

rFire    . . .     SeeInvis .   b - +0 dagger
rCold    . . .     Faith    .   (no shield)
rNeg     . . .     Spirit   .   a - +0 robe
rPois    .         Reflect  .   (no helmet)
rElec    .         Harm     .   (no cloak)
rCorr    .         Rampage  .   (no gloves)
Will     .....                  (no boots)
Stlth    ++........             (no amulet)
HPRegen  0.05/turn              (no ring)
MPRegen  0.11/turn              (no ring)

@: no status effects
A: no striking features
a: no special abilities


You were on level 1 of the Dungeon.
You visited 1 branch of the dungeon, and saw 1 of its levels.

Inventory:

Hand Weapons
 b - a +0 dagger (weapon)
Armour
 a - a +0 robe (worn)


   Skills:
 + Level 1.1 Fighting
 - Level 2.4 Dodging
 - Level 2.4 Stealth
 - Level 3.0 Spellcasting
 + Level 0.7 Hexes
 - Level 5.0 Necromancy


You had 6 spell levels left.
You knew the following spells:

 Your Spells              Type           Power      Damage    Failure   Level
a - Pain                  Necr           84%        1d8       1%          1

Your spell library contained the following spells:

 Spells                   Type           Power      Damage    Failure   Level
 Animate Skeleton         Necr           42%        N/A       1%          1
 Vampiric Draining        Necr           10%        2d7       6%          3
 Animate Dead             Necr           10%        N/A       19%         4
 Agony                    Necr           21%        N/A       47%         5


Dungeon Overview and Level Annotations

Branches:
Dungeon (1/15)

Altars:


Message History

The rat twitches its whiskers.
The rat twitches its whiskers.
Casting: Pain (safe; 1% risk of failure)
Confirm with . or Enter, or press ? or * to list all spells.
Aiming: Pain (safe; 1% risk of failure)
Press: ? - help, Shift-Dir - straight line, f - rat
Aim: a rat (chance to affect: 91%)
The rat writhes in agony.
The rat closely misses you.
Casting: Pain (safe; 1% risk of failure)
Confirm with . or Enter, or press ? or * to list all spells.
Aiming: Pain (safe; 1% risk of failure)
Press: ? - help, Shift-Dir - straight line, f/p - rat
Aim: a rat (severely wounded, chance to affect: 91%)
The rat writhes in agony!
You kill the rat!
An endoplasm is nearby!
Casting: Pain (safe; 1% risk of failure)
Confirm with . or Enter, or press ? or * to list all spells.
Aiming: Pain (safe; 1% risk of failure)
Press: ? - help, Shift-Dir - straight line, f - endoplasm
Aim: an endoplasm (chance to affect: 91%)
The endoplasm writhes in agony.
Casting: Pain (safe; 1% risk of failure)
Confirm with . or Enter, or press ? or * to list all spells.
Aiming: Pain (safe; 1% risk of failure)
Press: ? - help, Shift-Dir - straight line, f/p - endoplasm
Aim: an endoplasm (almost dead, chance to affect: 91%)
The endoplasm writhes in agony.
You kill the endoplasm!
You start resting.
An endoplasm is nearby!
The dart slug launches a dart at you. The slug dart misses you.
You see here a giant cockroach corpse.
You start resting.
A dart slug is nearby!
You see here 14 stones.
The dart slug launches a dart at you. The slug dart hits you.
You die...

#############
##.#.†...(@..#
##..w.#####.8.#
#...#.#≈≈≈#...#
#...#.#;≈≈#.#.#
#...#.#≈≈≈#.#.# ##
#...#.#####.#.#
.#####...#.......#<#
.........#.#####.#.#
.#####...#.#≈≈≈#.#.#


You could see an electric eel and a dart slug.

Vanquished Creatures
  A bat (D:1)
  2 endoplasms (D:1)
  2 giant cockroaches (D:1)
  A goblin (D:1)
  A hobgoblin (D:1)
  A jackal (D:1)
  2 rats (D:1)
10 creatures vanquished.

Notes
Turn   | Place    | Note
-------+----------+-------------------------------------------
     0 | D:1      | hawla the Deep Elf Necromancer began the quest for the Orb.
     0 | D:1      | Reached XP level 1. HP: 10/10 MP: 6/6
     3 | D:1      | Noticed an electric eel
     4 | D:1      | Noticed an electric eel
    42 | D:1      | Reached skill level 5 in Necromancy
   122 | D:1      | Reached skill level 1 in Fighting
   122 | D:1      | Reached XP level 2. HP: 2/16 MP: 1/8
   201 | D:1      | Killed from afar by a dart slug

Illustrated notes

Levels and vault maps discovered:
D:1:      arrival_aquarium_b, layout_rooms,
          dreamdust_ecumenical_altar_drowned_temple, st_stairs_2

Skill      XL: |  1 |
---------------+----+-----
Necromancy     | 5 |  5.0
Fighting       | 1 |  1.1
Dodging        | |  2.4
Stealth        | |  2.4
Spellcasting   | |  3.0
Hexes          | |  0.7

Action                   || total
-------------------------++-------
Melee: Unarmed           ||     1
 Cast: Pain              ||    16
Armor: Robe              ||     4
Dodge: Dodged            ||    13
